 Dungeon Crawl Stone Soup version 0.24-a0-139-geb6712d (webtiles) character file.

Game seed: 0

4455 Gorice the Cleaver (level 10, -7/86 HPs)
             Began as a Hill Orc Wanderer on Feb 28, 2019.
             Was a High Priest of the Shining One.
             Mangled by a blink frog (12 damage)
             ... on level 2 of the Abyss on Mar 1, 2019.
             The game lasted 00:34:55 (8033 turns).

Gorice the Cleaver (Hill Orc Wanderer)              Turns: 8033, Time: 00:34:55

Health: -7/86      AC: 22    Str: 23      XL:     10   Next: 37%
Magic:  10/10      EV:  7    Int: 15 (18) God:    the Shining One [*****.]
Gold:   294        SH:  0    Dex:  9      Spells: 9/9 levels left

rFire    . . .     SeeInvis .   a - +8 mace "Soitt" {elec, Str+3 Int+6}
rCold    . . .     Gourm    .   (no shield)
rNeg     + + .     Faith    +   m - +0 plate armour
rPois    +         Spirit   .   n - +0 helmet
rElec    .         Reflect  .   w - +0 cloak
rCorr    +         Harm     .   v - +1 pair of gloves
MR       .....                  r - +0 pair of boots
Stlth    ..........             l - amulet of faith {!P}
HPRegen  0.24/turn              C - ring of resist corrosion
MPRegen  0.12/turn              p - ring of poison resistance

@: about to teleport, glowing
A: no striking features
a: Divine Shield, Cleansing Flame, Summon Divine Warrior, Renounce Religion


You were on level 2 of the Abyss.
You worshipped the Shining One.
The Shining One was extremely pleased with you.
You were very hungry.

You visited 2 branches of the dungeon, and saw 8 of its levels.
You visited the Abyss 1 time.
You also visited: Ossuary.

You collected 294 gold pieces.

Inventory:

Hand Weapons
 a - the +8 mace "Soitt" (weapon) {elec, Str+3 Int+6}
   (You found it on level 4 of the Dungeon)

   Occasionally, upon striking a foe, it will discharge some electrical energy
   and cause terrible harm.
   It affects your strength (+3).
   It affects your intelligence (+6).
 t - a +1 war axe
 x - a +0 hand axe
 B - a +0 blowgun
Missiles
 g - 68 sling bullets
 s - 4 tomahawks (quivered)
 Y - 249 stones
 Z - 2 throwing nets {!f}
Armour
 b - a +2 scale mail
 m - a +0 plate armour (worn)
 n - a +0 helmet (worn)
 r - a +0 pair of boots (worn)
 v - a +1 pair of gloves (worn)
 w - a +0 cloak (worn)
Magical Staves
 E - an uncursed staff of wizardry
Jewellery
 k - a +2 amulet of reflection
 l - an amulet of faith (around neck) {!P}
 p - a ring of poison resistance (right hand)
 C - a ring of resist corrosion (left hand)
Wands
 h - a wand of flame (13)
 F - a wand of disintegration (17)
Scrolls
 c - 3 scrolls of teleportation {!r}
 i - 4 scrolls of remove curse
 y - 2 scrolls of enchant weapon
 D - a scroll of enchant armour
Potions
 e - a potion of flight
 f - 2 potions of brilliance {!q}
 j - 7 potions of lignification {!q}
 q - a potion of magic {unknown}
 u - 3 potions of curing
 z - 3 potions of cancellation {!q}
 A - a potion of heal wounds {unknown}
Comestibles
 d - 9 rations


   Skills:
 - Level 7.2 Fighting
 * Level 12.6 Axes
 - Level 1.1(7.0) Maces & Flails
 - Level 1.0 Throwing
 + Level 11.3 Armour
   Level 1.1 Shields
 + Level 0.0 Invocations


You had 9 spell levels left.
You didn't know any spells.
Your spell library was empty.

Dungeon Overview and Level Annotations

Branches:
Dungeon (7/15)             Temple (1/1) D:7

Altars:
Ashenzari
Cheibriados
Dithmenos
Elyvilon
Gozag
Hepliaklqana
Makhleb
Nemelex Xobeh
Okawaru
Qazlal
Ru
Sif Muna
Trog
Vehumet
Wu Jian
Xom
Yredelemnul
Zin
The Shining One

Annotations:
D:3 Eustachio
D:4 zin altar with $ behind grille


Message History

The raiju bites you but does no damage.
Damage: 10 (max 15)
You hit the raiju but do no damage.
A large abomination comes into view.
The raiju bites you! The raiju shocks you!
The raiju bites you but does no damage.
Damage: 15 (max 15) Unknown command.
You hit the raiju.
The raiju is lightly wounded.
The raiju bites you but does no damage. The raiju bites you.
The raiju shocks you!
* * * LOW HITPOINT WARNING * * *
Damage: 12 (max 15) Unknown command.
You feel better.
A blink frog comes into view.
The raiju closely misses you. The raiju bites you but does no damage.
The raiju bursts into living lightning!
The living lightning hits the raiju.
The raiju completely resists.
The living lightning misses you.
The raiju blinks!
You hear a croak.
Unknown command.
You fail to use your ability.
The raiju barely misses you. x2
The raiju bites you but does no damage. The blink frog hits you.
* * * LOW HITPOINT WARNING * * *
The blink frog blinks!
Damage: 1 (max 15) Unknown command.
A blink frog comes into view.
The blink frog hits you but does no damage.
Really read
c - 4 scrolls of teleportation {!r}?
As you read the scroll of teleportation {!r}, it crumbles to dust.
You feel strangely unstable.
You feel the power of the Abyss delaying your translocation!
The blink frog hits you but does no damage.
The large abomination hits you.
* * * LOW HITPOINT WARNING * * *
Damage: 5 (max 15)
The blink frog hits you!
* * * LOW HITPOINT WARNING * * *
The blink frog barely misses you. The blink frog closely misses you.
The blink frog hits you!
* * * LOW HITPOINT WARNING * * *
Damage: 18 (max 18) Unknown command.
You feel better. The blink frog hits you!
* * * LOW HITPOINT WARNING * * *
The blink frog hits you!
You die...

.# #. .#.. ....#
#..## ..
..#.§..#### #.#
#.§.h#X#'## #.*#
#.hF@F''# .##
#.F#.#.####h. .#
#..h#..##......#
#....###[.#.#.#
.
#.#...#####....
. ###..##.
#.#.#.#.. ..###
##.# ##...
.###..#.. # #..
# #. ..
.#.#.##.##.##.


You could see a large abomination, 3 raiju and 3 blink frogs.

Vanquished Creatures
  The ghost of Nico3ck the Cleaver, a novice FoWz of Okawaru (D:6)
  Pikel (D:7)
  Joseph (D:7)
  An ancient zyme (Abyss:2)
  A hornet (D:5)
  A small abomination (Abyss:2)
  2 neqoxecs (Abyss:2)
  A slave (D:7)
  An orc warrior (D:5)
  2 phantoms (D:4)
  An ice beast (D:5)
  A black bear (D:6)
  2 ogres
  5 big kobolds (D:7)
  An elf zombie (Ossuary)
  Blork the orc (D:4)
  A scorpion (D:7)
  A bullfrog zombie (D:6)
  2 centaur zombies (Ossuary)
  A jelly (D:5)
  A hound (D:4)
  2 human zombies (Ossuary)
  3 orc priests
  A centaur skeleton (D:6)
  A gnoll shaman (D:4)
  Crazy Yiuf (D:7)
  Ijyb (D:4)
  Natasha (thrice) (D:2)
  2 orc wizards
  7 worker ants
  2 hound skeletons
  2 mummies (Ossuary)
  Robin (D:4)
  11 gnolls
  8 adders
  A river rat (D:4)
  3 shadow imps
  An ooze (D:3)
  4 worms
  3 dart slugs
  2 leopard geckos (D:1)
  26 orcs
  4 ball pythons
  4 giant cockroaches
  19 goblins
  9 hobgoblins
  6 jackals
  4 kobolds
  2 quokkas
  13 bats
  8 frilled lizards
  2 goblin zombies (Ossuary)
  9 hobgoblin zombies (Ossuary)
  A jackal skeleton (D:6)
  A jackal zombie (Ossuary)
  9 kobold zombies (Ossuary)
  10 orc zombies (Ossuary)
  A quokka skeleton (D:6)
  11 rats
  A rat zombie (Ossuary)
228 creatures vanquished.

Vanquished Creatures (others)
  3 fungi (D:7)
  A plant (D:7)
4 creatures vanquished.

Grand Total: 232 creatures vanquished

Notes
Turn   | Place    | Note
-------+----------+-------------------------------------------
     0 | D:1      | Gorice the Hill Orc Wanderer began the quest for the Orb.
     0 | D:1      | Gorice set off with the following items: a +2 scale mail, a
                  | +0 mace, a scroll of teleportation {!r}, a ration
     0 | D:1      | Reached XP level 1. HP: 16/16 MP: 1/1
    87 | D:1      | Reached skill level 2 in Fighting
    87 | D:1      | Reached XP level 2. HP: 19/24 MP: 2/2
   380 | D:1      | Reached XP level 3. HP: 30/30 MP: 3/3
   444 | D:1      | Reached skill level 6 in Armour
   688 | D:1      | Upgraded the game from 0.24-a0-136-gad582e5 to
                  | 0.24-a0-139-geb6712d
   789 | D:2      | Reached skill level 3 in Fighting
  1075 | D:2      | HP: 7/31 [adder (4)]
  1080 | D:2      | HP: 8/46 [poisoned by an adder]
  1086 | D:2      | Reached XP level 4. HP: 5/38 MP: 4/4
  1088 | D:2      | HP: 2/38 [poisoned by an adder]
  1440 | D:2      | HP: 10/38 [gnoll/+0 spear (3)]
  1457 | D:2      | HP: 10/38 [gnoll/cursed -3 spear (2)]
  1975 | D:2      | Noticed Natasha
  1997 | D:2      | Killed Natasha
  1997 | D:2      | Reached skill level 4 in Fighting
  1997 | D:2      | Reached XP level 5. HP: 46/46 MP: 5/5
  2127 | D:2      | Noticed Natasha
  2273 | D:2      | Killed Natasha
  2478 | D:2      | Found a glowing golden altar of the Shining One.
  2483 | D:2      | Became a worshipper of the Shining One
  2632 | D:2      | Noticed Natasha
  2929 | D:2      | Killed Natasha
  2929 | D:2      | Reached skill level 7 in Armour
  3135 | D:3      | Reached XP level 6. HP: 55/55 MP: 6/6
  3226 | D:3      | Reached skill level 5 in Fighting
  3972 | D:4      | Noticed Robin
  4005 | D:4      | Noticed Eustachio
  4005 | D:4      | Noticed a phantom
  4005 | D:4      | Noticed a phantom
  4192 | D:4      | HP: 5/56 [ogre/+0 giant club (24)]
  4200 | D:4      | Found a white marble altar of Elyvilon.
  4206 | D:4      | Noticed Ijyb
  4220 | D:4      | HP: 8/56 [Ijyb/wand of acid (3) (2)]
  4220 | D:4      | HP: 2/56 [acid (6)]
  4241 | D:4      | HP: 16/84 [Ijyb/+0 flail (1)]
  4247 | D:4      | Killed Ijyb
  4330 | D:4      | Found a glowing silver altar of Zin.
  4381 | D:4      | Noticed a phantom
  4381 | D:4      | Reached * piety under the Shining One
  4452 | D:4      | Killed a phantom
  4452 | D:4      | Reached skill level 6 in Fighting
  4452 | D:4      | Reached XP level 7. HP: 22/63 MP: 7/7
  4515 | D:4      | Reached skill level 8 in Armour
  4528 | D:4      | Killed Robin
  4589 | D:4      | Noticed Blork the orc
  4598 | D:4      | Killed Blork the orc
  4650 | D:4      | Reached skill level 7 in Fighting
  4693 | D:4      | Got a faintly glowing mace
  4694 | D:4      | Identified the +8 mace "Soitt" {elec, Str+3 Int+6} (You
                  | found it on level 4 of the Dungeon)
  4841 | D:4      | Found a shattered altar of Ashenzari.
  5008 | D:4      | Reached skill level 2 in Axes
  5208 | D:4      | Reached XP level 8. HP: 73/73 MP: 8/8
  5457 | D:5      | Entered Level 5 of the Dungeon
  5464 | D:5      | Reached skill level 3 in Axes
  5606 | D:5      | Noticed a hornet
  5610 | D:5      | Reached ** piety under the Shining One
  5613 | D:5      | Killed a hornet
  5613 | D:5      | Reached skill level 5 in Axes
  5613 | D:5      | Reached skill level 9 in Armour
  5717 | D:5      | Found a sand-covered staircase.
  5727 | D:5      | Reached skill level 6 in Axes
  5738 | Ossuary  | Entered an ossuary
  5786 | Ossuary  | Reached *** piety under the Shining One
  5863 | Ossuary  | Reached **** piety under the Shining One
  5894 | Ossuary  | Reached skill level 7 in Axes
  6129 | D:5      | Found a hazy altar of Hepliaklqana.
  6236 | D:5      | Found a bloodstained altar of Trog.
  6279 | D:5      | Reached XP level 9. HP: 59/79 MP: 9/9
  6289 | D:6      | Found a shadowy altar of Dithmenos.
  6337 | D:6      | Reached skill level 8 in Axes
  6899 | D:7      | Reached skill level 10 in Armour
  7005 | D:7      | Found a runed translucent gate.
  7005 | D:7      | Found a runed translucent gate.
  7005 | D:7      | Found a runed translucent gate.
  7006 | D:7      | Noticed a kobold demonologist
  7006 | D:7      | Noticed Nico3ck's ghost (novice FoWz)
  7080 | D:7      | Reached skill level 9 in Axes
  7088 | D:7      | Noticed Joseph
  7088 | D:7      | Reached ***** piety under the Shining One
  7105 | D:7      | Killed Joseph
  7158 | D:7      | Found a sparkling altar of Nemelex Xobeh.
  7237 | D:7      | Found a runed translucent door.
  7238 | D:7      | Noticed Crazy Yiuf
  7244 | D:7      | Killed Crazy Yiuf
  7419 | D:7      | Found an opulent altar of Gozag.
  7466 | D:7      | Noticed Pikel
  7473 | D:7      | Killed Pikel
  7473 | D:7      | Reached skill level 10 in Axes
  7496 | D:7      | Found a staircase to the Ecumenical Temple.
  7519 | Temple   | Entered the Ecumenical Temple
  7709 | D:6      | Killed Nico3ck's ghost
  7709 | D:6      | Reached skill level 11 in Axes
  7709 | D:6      | Reached skill level 11 in Armour
  7709 | D:6      | Reached XP level 10. HP: 72/86 MP: 10/10
  7806 | D:7      | Reached skill level 12 in Axes
  7815 | D:7      | Cast into level 2 of the Abyss (big kobold)
  7820 | Abyss:2  | Found a sparkling altar of Nemelex Xobeh.
  8016 | Abyss:2  | Noticed a wretched star
  8025 | Abyss:2  | HP: 22/86 [raiju (8)]
  8031 | Abyss:2  | HP: 24/86 [large abomination (5)]
  8032 | Abyss:2  | HP: 6/86 [blink frog (11)]
  8033 | Abyss:2  | Mangled by a blink frog

Levels and vault maps discovered:
D:1:      dpeg_arrival_stone_temple_mockup, layout_rooms
D:2:      layout_loops_corners, lemuel_doored_altar, first_ration,
          hangedman_decor_growths, uniq_natasha
D:3:      layout_loops_corners
D:4:      kennysheep_big_flooded_room, layout_loops_ring, lemuel_crystal_altar,
          zin_treasury, elyvilon_altar_5, portal_sewer_entry_e,
          grunt_ministairs_15, minivault_1, uniq_eustachio, uniq_blork_the_orc,
          uniq_robin, uniq_ijyb
D:5:      layout_rooms, kennysheep_mini_moat, lightli_temple_of_fire,
          chequers_ossuary_entry_cave, hangedman_decor_lopped
D:6:      layout_loops_ring, nicolae_overflow_crystal_walls
D:7:      layout_rooms, nemelex_altar_shiori, marbit_many_paths,
          minmay_temple_entry_wispy, gammafunk_ghost_nasty_kobolds,
          serial_glass, glass_columns_c, glass_columns_c, uniq_pikel,
          uniq_joseph, uniq_crazy_yiuf_cottage
Temple:   eino_temple_lava
Abyss:2:  evilmike_abyss_exit_12, minivault_1
Ossuary:  ossuary_tomb_1

Skill      XL: |  1  2  3  4  5  6  7  8  9 10 |
---------------+-------------------------------+-----
Fighting       | 2 3 4 6 7 |  7.2
Armour         | 6 7 8 9 11 | 11.3
Axes           | 2 7 11 12 | 12.6
Maces & Flails | |  1.1
Throwing       | |  1.0
Shields        | |  1.1

Action                   |  1- 3 |  4- 6 |  7- 9 | 10-12 || total
-------------------------+-------+-------+-------+-------++-------
Melee: Mace              |   132 |   254 |   247 |    28 ||   661
       Flail             |       |    30 |    65 |       ||    95
Throw: Stone             |       |    24 |     8 |       ||    32
       Tomahawk          |       |       |     6 |       ||     6
Invok: Divine Shield     |       |       |     3 |       ||     3
Evoke: Wand              |       |     3 |     3 |       ||     6
  Use: Potion            |     1 |     5 |       |     2 ||     8
       Scroll            |     1 |     6 |     9 |     1 ||    17
  Eat: Chunk             |     1 |    11 |     8 |       ||    20
       Ration            |       |       |     1 |       ||     1
Armor: Scale mail        |   118 |   101 |       |       ||   219
       Plate armour      |       |    81 |   229 |    23 ||   333
       Skin              |       |    20 |       |       ||    20
Dodge: Dodged            |    87 |   145 |    90 |    17 ||   339
Block: Other             |       |    13 |    24 |       ||    37

Table legend:
 A = Non-vault XP
 B = Vault XP
 C = Vault XP percentage of total XP
 D = Non-vault monster count
 E = Vault monster count
 F = Vault count percentage of total count
                 A         B        C        D         E       F
            +---------+---------+-------+---------+---------+-------
      Total |    3343 |    3022 |  47.5 |     152 |      75 |  33.0
            +---------+---------+-------+---------+---------+-------
        D:1 |      71 |       0 |   0.0 |      31 |       0 |   0.0
        D:2 |     208 |      35 |  14.4 |      28 |       1 |   3.4
        D:3 |      60 |       0 |   0.0 |      15 |       0 |   0.0
        D:4 |     652 |     206 |  24.0 |      25 |      25 |  50.0
        D:5 |     792 |       0 |   0.0 |      21 |       0 |   0.0
        D:6 |     379 |     754 |  66.5 |      23 |       1 |   4.2
        D:7 |     248 |    1689 |  87.2 |       5 |       9 |  64.3
    Abyss:2 |     933 |       0 |   0.0 |       4 |       0 |   0.0
    Ossuary |       0 |     338 | 100.0 |       0 |      39 | 100.0
            +---------+---------+-------+---------+---------+-------

Table legend:
 A = Turns spent in this place as a percentage of turns spent in the entire game.
 B = Non-inter-level travel turns spent in this place as a percentage of non-inter-level travel turns spent in the entire game.
 C = Inter-level travel turns spent in this place as a percentage of turns spent in this place.
 D = Turns resting spent in this place as a percentage of non-inter-level travel turns spent in this place.
 E = Turns spent auto-exploring this place as a percentage of non-inter-level travel turns spent in this place.
 F = Non-inter-level travel turns spent in this place divided by the number of levels of this place that you've seen.
                   A       B       C       D       E      F
               +-------+-------+-------+-------+-------+----------------------
         Total | 100.0 | 100.0 |   4.5 |  20.7 |  40.6 | 767.1
       Dungeon |  93.3 |  93.0 |   4.8 |  20.4 |  42.5 | 1019.4
        Temple |   1.0 |   1.0 |   6.1 |   0.0 |  89.6 |  77.0
         Abyss |   2.7 |   2.8 |   0.0 |  62.4 |   0.0 | 218.0
       Ossuary |   3.0 |   3.1 |   0.0 |   0.8 |   4.2 | 240.0
               +-------+-------+-------+-------+-------+----------------------

Levels and vault maps discovered:
D:1:      dpeg_arrival_stone_temple_mockup, layout_rooms
D:2:      layout_loops_corners, lemuel_doored_altar, first_ration,
          hangedman_decor_growths, uniq_natasha
D:3:      layout_loops_corners
D:4:      kennysheep_big_flooded_room, layout_loops_ring, lemuel_crystal_altar,
          zin_treasury, elyvilon_altar_5, portal_sewer_entry_e,
          grunt_ministairs_15, minivault_1, uniq_eustachio, uniq_blork_the_orc,
          uniq_robin, uniq_ijyb
D:5:      layout_rooms, kennysheep_mini_moat, lightli_temple_of_fire,
          chequers_ossuary_entry_cave, hangedman_decor_lopped
D:6:      layout_loops_ring, nicolae_overflow_crystal_walls
D:7:      layout_rooms, nemelex_altar_shiori, marbit_many_paths,
          minmay_temple_entry_wispy, gammafunk_ghost_nasty_kobolds,
          serial_glass, glass_columns_c, glass_columns_c, uniq_pikel,
          uniq_joseph, uniq_crazy_yiuf_cottage
Temple:   eino_temple_lava
Abyss:2:  evilmike_abyss_exit_12, minivault_1
Ossuary:  ossuary_tomb_1
